 Dungeon Crawl Stone Soup version 0.30-a0-568-g124715a40b (webtiles) character file.

Game seed: 12378549891495210257

1555610 oldriver the Conqueror (level 27, 238/238 HPs)
             Began as a Naga Artificer on Dec 29, 2022.
             Was the Champion of Wu Jian.
             Escaped with the Orb
             ... and 3 runes!
             The game lasted 03:32:36 (85305 turns).

oldriver the Conqueror (Naga Artificer)            Turns: 85305, Time: 03:32:37

Health: 238/238    AC: 36    Str: 16    XL:     27
Magic:  23/23      EV: 22    Int: 25    God:    Wu Jian [******]
Gold:   4805       SH: 29    Dex: 24    Spells: 26/26 levels left

rFire   + . .      SeeInvis +    a - +3 demon blade (heavy)
rCold   . . .      Faith    .    M - +4 tower shield {reflect}
rNeg    + . .      Spirit   .    n - +4 Cigotuvi's embrace {rMiasma Drain rN+}
rPois   +          Reflect  +    (no helmet)
rElec   +          Harm     .    m - +4 dragonskin cloak
rCorr   +          Rampage  .    R - +1 pair of gloves of Lorumer {rElec rF- rCorr Int+6}
Will    +++..                    t - +4 barding
Stlth   +++                      i - amulet of Kiroufos {Fragile Fly Regen+ Int+5}
HPRegen 1.39/turn                h - ring of protection from fire
MPRegen 0.18/turn                p - ring of protection from fire

@: flying, studying Staves, very slow
A: AC +9, large, see invisible, deformed body, poison resistance, slowness 2,
spit poison 1, naga tail 2, agile 1, frail 2, passive freeze, sense surroundings
2, screaming 1, subdued magic 1, devolution 1
0: Orb of Zot
}: 3/15 runes: decaying, serpentine, silver
a: Spit Poison, Renounce Religion, Wall Jump, Serpent's Lash, Heavenly Storm


You escaped.
You worshipped Wu Jian.
Wu Jian was exalted by your worship.
You visited 11 branches of the dungeon, and saw 51 of its levels.
You visited the Abyss 2 times.
You also visited: Sewer, Ossuary, Gauntlet and Ice Cave.

You collected 11339 gold pieces.
You spent 6534 gold pieces at shops.

Inventory:

Hand Weapons
 a - a +3 heavy demon blade (weapon)
 b - a +9 short sword of freezing
Missiles
 r - 5 throwing nets
 H - 12 curare-tipped darts
 T - 11 boomerangs (quivered)
 X - 14 javelins
Armour
 m - the +4 dragonskin cloak (worn)
   (You took it off Tiamat on level 1 of the Realm of Zot)

   It grants the wearer a chance to resist fire, cold, poison, electricity,
   acid, and negative energy.
 n - the +4 Cigotuvi's embrace (worn) {rMiasma Drain rN+}
   (You took it off a deep elf pyromancer on level 3 of the Elven Halls)

   It gathers nearby corpses to temporarily increase the armour it provides.
   It protects you from foul pestilence.
   rN:        It protects you from negative energy.
   Drain:     It drains your maximum health when unequipped.
 t - a +4 barding (worn)
 M - a +4 tower shield of reflection (worn)
 O - a scarf of resistance
 R - the +1 pair of gloves of Lorumer (worn) {rElec rF- rCorr Int+6}
   (You found it on level 1 of the Depths)

   Int:       It affects your intelligence (+6).
   rF:        It makes you vulnerable to fire.
   rElec:     It insulates you from electricity.
   rCorr:     It protects you from acid and corrosion.
Jewellery
 h - a ring of protection from fire (left hand)
 i - the amulet of Kiroufos (around neck) {Fragile Fly Regen+ Int+5}
   (You took it off a deep elf pyromancer on level 3 of the Elven Halls)

   [amulet of regeneration]

   Int:       It affects your intelligence (+5).
   Fly:       It grants you flight.
   Regen:     It increases your rate of health regeneration.
   Fragile:   It will be destroyed if unequipped.
 j - the ring of Ulao {+Blink AC+4 Str+3}
   (You bought it in a shop on level 3 of the Elven Halls)

   [ring of protection]

   AC:        It affects your AC (+4).
   Str:       It affects your strength (+3).
   +Blink:    It lets you blink.
 p - a ring of protection from fire (right hand)
 u - a +6 ring of strength
 C - the ring of Ufamep {Wiz rN++ Str+2}
   (You took it off a deep elf master archer on level 3 of the Elven Halls)

   [ring of wizardry]

   It improves your spell success rate.
   Str:       It affects your strength (+2).
   rN:        It greatly protects you from negative energy.
Wands
 c - a wand of flame (88)
 d - a wand of charming (5)
 e - a wand of iceblast (9)
 s - a wand of paralysis (27)
 D - a wand of mindburst (22)
 S - a wand of digging (13)
 U - a wand of quicksilver (16)
Scrolls
 v - 3 scrolls of summoning
 x - 4 scrolls of teleportation
 F - 2 scrolls of torment
 I - 2 scrolls of magic mapping
 K - a scroll of fear
 N - a scroll of blinking
 Q - 8 scrolls of fog
 Z - 8 scrolls of poison
Potions
 g - 24 potions of curing
 k - 4 potions of haste
 o - 4 potions of cancellation
 A - 7 potions of invisibility
 B - 2 potions of heal wounds
 G - 4 potions of berserk rage
 V - 4 potions of flight
Miscellaneous
 f - a box of beasts
 q - a condenser vane
 L - a phantom mirror
 P - a phial of floods
 W - a lightning rod (4/4)


   Skills:
 O Level 27 Fighting
 - Level 10.0(13.1) Short Blades
 - Level 13.7(15.0) Long Blades
 - Level 7.0 Throwing
 - Level 17.0 Armour
 - Level 19.0 Dodging
 - Level 26.0 Stealth
 + Level 22.7 Shields
 - Level 13.0 Evocations


You had 26 spell levels left.
You didn't know any spells.
Your spell library contained the following spells:

 Spells                   Type           Power      Damage    Failure   Level
 Apportation              Tloc           0%         N/A       19%         1
 Beastly Appendage        Tmut           0%         N/A       19%         1
 Foxfire                  Conj/Fire      0%         2x1d4     19%         1
 Freeze                   Ice            0%         1d3       19%         1
 Magic Dart               Conj           0%         1d3       19%         1
 Necrotise                Necr           0%         1d4       19%         1
 Shock                    Conj/Air       0%         1d3       19%         1
 Slow                     Hex            0%         N/A       19%         1
 Summon Small Mammal      Summ           0%         N/A       19%         1
 Blink                    Tloc           0%         N/A       28%         2
 Cigotuvi's Dreadful Rot  Necr/Pois/Air  0%         N/A       28%         2
 Ensorcelled Hibernation  Hex/Ice        0%         N/A       28%         2
 Momentum Strike          Conj/Tloc      0%         3d8       28%         2
 Passwall                 Tmut/Erth      0%         N/A       28%         2
 Poisonous Vapours        Pois/Air       0%         N/A       28%         2
 Searing Ray              Conj           0%         2d4       28%         2
 Wereblood                Tmut           0%         N/A       28%         2
 Call Canine Familiar     Summ           0%         N/A       50%         3
 Confusing Touch          Hex            0%         N/A       50%         3
 Dazzling Flash           Conj/Hex       0%         N/A       50%         3
 Frozen Ramparts          Ice            0%         1d1       50%         3
 Hailstorm                Conj/Ice       0%         3d3       50%         3
 Ignite Poison            Fire/Tmut/Pois 0%         N/A       50%         3
 Kindle Blastsparks       Fire/Tloc/Air  0%         2d10      50%         3
 Lesser Beckoning         Tloc           0%         N/A       50%         3
 Mephitic Cloud           Conj/Pois/Air  0%         N/A       50%         3
 Ozocubu's Armour         Ice            0%         N/A       50%         3
 Spider Form              Tmut/Pois      0%         N/A       50%         3
 Stone Arrow              Conj/Erth      0%         3d7       50%         3
 Summon Guardian Golem    Hex/Summ       0%         N/A       50%         3
 Swiftness                Air            0%         N/A       50%         3
 Tukima's Dance           Hex            0%         N/A       50%         3
 Vampiric Draining        Necr           0%         2d6       50%         3
 Vhi's Electric Charge    Tloc/Air       0%         N/A       50%         3
 Airstrike                Air            0%         2d(0-16)  89%         4
 Animate Armour           Summ/Erth      0%         N/A       89%         4
 Animate Dead             Necr           0%         N/A       89%         4
 Dispel Undead            Necr           0%         3d6       89%         4
 Fulminant Prism          Conj/Hex       0%         3d5       89%         4
 Ice Form                 Ice/Tmut       0%         N/A       89%         4
 Iskenderun's Mystic Bla  Conj/Tloc      0%         2d3       89%         4
 Leda's Liquefaction      Hex/Erth       0%         N/A       89%         4
 Manifold Assault         Tloc           0%         N/A       89%         4
 Olgreb's Toxic Radiance  Pois           0%         N/A       89%         4
 Passage of Golubria      Tloc           0%         N/A       89%         4
 Petrify                  Tmut/Erth      0%         N/A       89%         4
 Sticky Flame             Conj/Fire      0%         2d3       89%         4
 Summon Ice Beast         Ice/Summ       0%         N/A       89%         4
 Summon Lightning Spire   Summ/Air       0%         N/A       89%         4
 Alistair's Intoxication  Tmut/Pois      0%         N/A       99%         5
 Arcjolt                  Conj/Air       0%         1d10      99%         5
 Borgnjor's Vile Clutch   Necr/Erth      0%         N/A       99%         5
 Fireball                 Conj/Fire      0%         3d3       99%         5
 Lee's Rapid Deconstruct  Erth           0%         3d4*      99%         5
 Lightning Bolt           Conj/Air       0%         1d11      99%         5
 Metabolic Englaciation   Hex/Ice        0%         N/A       99%         5
 Silence                  Hex/Air        0%         N/A       99%         5
 Summon Forest            Summ/Tloc      0%         N/A       99%         5
 Summon Mana Viper        Hex/Summ       0%         N/A       99%         5
 Yara's Violent Unravell  Hex/Tmut       0%         3d3       99%         5
 Death Channel            Necr           0%         N/A       100%        6
 Dispersal                Tloc           0%         N/A       100%        6
 Simulacrum               Ice/Necr       0%         N/A       100%        6
 Starburst                Conj/Fire      0%         6d3       100%        6
 Statue Form              Tmut/Erth      0%         N/A       100%        6
 Haunt                    Necr/Summ      0%         N/A       100%        7
 Monstrous Menagerie      Summ           0%         N/A       100%        7
 Ozocubu's Refrigeration  Ice            0%         4d7       100%        7
 Storm Form               Tmut/Air       0%         N/A       100%        7
 Borgnjor's Revivificati  Necr           0%         N/A       100%        8
 Discord                  Hex            0%         N/A       100%        8
 Disjunction              Tloc           0%         N/A       100%        8
 Ignition                 Fire           0%         3d3       100%        8
 Lehudib's Crystal Spear  Conj/Erth      0%         10d2      100%        8
 Maxwell's Capacitive Co  Air            0%         ∞         100%        8
 Necromutation            Tmut/Necr      0%         N/A       100%        8
 Chain Lightning          Conj/Air       0%         N/A       100%        9
 Death's Door             Necr           0%         N/A       100%        9
 Fire Storm               Conj/Fire      0%         5d1       100%        9
 Shatter                  Erth           0%         3d5*      100%        9


Dungeon Overview and Level Annotations

Branches:
Dungeon (15/15)            Temple (1/1) D:4            Lair (5/5) D:10
  Swamp (4/4) Lair:2        Snake (4/4) Lair:2        Slime (0/5) Lair:5
    Orc (2/2) D:9             Elf (3/3) Orc:2        Vaults (5/5) D:13
  Crypt (3/3) Vaults:3       Tomb (0/3) Crypt:3      Depths (4/4) D:15
    Zot (5/5) Depths:4      Sewer (visited)         Ossuary (visited)
  IceCv (visited)         Gauntlet (visited)

Altars:
Ashenzari
Cheibriados
Dithmenos
Elyvilon
Fedhas
Gozag
Hepliaklqana
Kikubaaqudgha
Makhleb
Nemelex Xobeh
Okawaru
Qazlal
Ru
Sif Muna
Trog
Uskayaw
Vehumet
Wu Jian
Xom
Yredelemnul
Zin
The Shining One
Jiyva
Lugonu

Shops:
D:6 !   D:7 *   D:8 (   Orc:2 ([[[   Elf:2 :   Elf:3 [(:?*   Snake:2 :=:
Vaults:3 (   Vaults:4 [   Vaults:5 :!(!   Depths:3 ([[(   Depths:4 =

Portals:
Hell: Depths:1 Depths:2 Depths:3 Depths:4
Abyss: Depths:1 Depths:3
Pandemonium: Depths:1 Depths:2
Ziggurat: Depths:4
Trove: D:10 (give +5 ice dragon scales)

Annotations:
Lair:2 1 runed translucent door
Lair:3 1 runed translucent door, bmack86's ghost, journeyman MiFi


Innate Abilities, Weirdness & Mutations

Your serpentine skin is tough. (AC +9)
You have supernaturally acute eyesight. (SInv)
Armour fits poorly on your strangely shaped body.
Your system is resistant to poisons. (rPois)
You cover ground very slowly.
You can spit poison.
You can use your snake-like lower body to constrict enemies.
You are agile. (Dex +4, Str/Int -1)
You are very frail. (-20% HP)
A frigid envelope surrounds you and freezes all who hurt you.
You passively map the area around you.
You occasionally shout uncontrollably at your foes.
Your spells are a little easier to cast, but a little less powerful.
You have hidden genetic defects.


Message History

(P) Snake Pit (M) Slime Pits (O) Orcish Mines (E) Elven Halls (V) Vaults (C) Crypt (W) Tomb (U) Depths (H) Hell (Z) Zot
Where to? (Enter - D:1, ? - help)
Okay, then.
That's the wrong kind of item! (Use * to select it.) Evoke which item? (* to show all) (? for menu, Esc to quit)
That's the wrong kind of item! (Use * to select it.) Evoke which item? (* to show all) (? for menu, Esc to quit)
Okay, then.
Unknown command.
Aiming: Dig
Press: ? - help, Shift-Dir - straight line A rock wall.
This square is covered in magical glow.
The rock shatters into small pieces.
You feel less exhausted.
There is a stone staircase leading up here.
You fly upwards.
There is a stone staircase leading down here.
There is an escape hatch in the ceiling here.
A mysterious force pulls you upwards. The hatch slams shut behind you.
Aiming: Dig
Press: ? - help, Shift-Dir - straight line This square is covered in magical glow.
The rock shatters into small pieces.
Your extra speed is starting to run out.
Aiming: Dig
Press: ? - help, Shift-Dir - straight line A rock wall.
This square is covered in magical glow.
The rock shatters into small pieces.
You feel yourself slow down.
You reach down and open the door.
There is an open door here.
There is a staircase leading out of the dungeon here.
You can't go down here!
You can't go down here!
You can't go down here!
You have escaped!

..# ##............#........
[.##########............#.#######
.....^....####...########.#
+##.......# ####......# #.#
+##.......##.# #...##.###.#
..........#.# #........#.#
...........##########...#.#
....####'...#.......#.#.#.# ....#
##.##.'...@...'.....#
....###..####.......#####.#######
######.#.#############...........
##.##...##.......##.###'###...
####.###.#..'.>.>.>.'..##.[.##...
.........####.......#..##...##...
##.###..## ##########.##...#####
#.## #..# #.#.##...#####
.#####..# #.............


There were no monsters in sight!

Vanquished Creatures
  4 dread liches
  Tiamat (Zot:1)
  7 ancient liches
  Mara (Snake:3)
  6 orbs of fire
  A juggernaut (Depths:3)
  A pandemonium lord (D:4)
  A Killer Klown (Zot:5)
  Vv (Zot:3)
  Frederick (Vaults:4)
  the Lernaean hydra (Swamp:4)
  A curse toe (Zot:3)
  Saint Roka (Orc:2)
  2 caustic shrikes
  Jory (Vaults:4)
  A profane servitor (D:10)
  11 golden dragons
  Nikola (Snake:1)
  A bone dragon (Vaults:3)
  4 electric golems
  A Brimstone Fiend (D:12)
  Jorgrun (Snake:1)
  Rupert (Lair:3)
  A Hell Sentinel (D:15)
  Mlioglotl (Snake:2)
  23 tentacled monstrosities
  27 Orb Guardians
  4 liches
  A walking divine tome (Depths:1)
  3 deep elf blademasters
  12 quicksilver dragons
  2 deep elf master archers (Elf:3)
  8 death cobs
  7 titans
  11 ancient champions
  3 tentacled starspawn (Abyss:4)
  3 thorn hunters
  Gastronok (Lair:3)
  2 sphinxes
  Roxanne (Snake:3)
  18 storm dragons
  9 tengu reavers
  11 shadow dragons
  4 revenants
  6 nagarajas
  A daeva (D:7)
  9 draconian monks
  7 draconian scorchers
  12 frost giants
  15 fire giants
  6 draconian knights
  An iron dragon (Depths:3)
  A ghost moth (Zot:5)
  16 vault wardens
  Aizul (Snake:2)
  9 deep elf sorcerers
  5 draconian shifters
  6 curse skulls
  3 spectral caustic shrikes (Depths:1)
  13 draconian annihilators
  An angel (Abyss:2)
  6 draconian stormcallers
  3 ghouls
  23 ironbound preservers
  4 spriggan defenders
  6 deep elf elementalists (Elf:3)
  8 vampire knights
  4 ironbound thunderhulks
  4 orc warlords
  4 war gargoyles
  The ghost of Jackthecabe the Cruncher, a journeyman DgCj (Orc:2)
  6 eleionomae
  A demonspawn corrupter (Depths:3)
  22 stone giants
  17 very ugly things
  18 green draconians
  A reaper (Crypt:2)
  8 dire elephants
  4 bunyips
  A spark wasp (shapeshifter) (Vaults:5)
  8 deep elf annihilators
  16 red draconians
  6 deep elf demonologists (Elf:3)
  10 purple draconians
  12 black draconians
  11 white draconians
  A minotaur (Gauntlet)
  17 yellow draconians
  A crystal guardian (Vaults:3)
  7 spark wasps
  6 eidola
  4 deep elf death magi
  2 quicksilver dragon zombies
  A merfolk javelineer (Depths:1)
  9 ettins
  5 fire dragons
  Josephine (D:14)
  2 shambling mangroves
  3 entropy weavers
  10 deep elf high priests
  6 great orbs of eyes
  8 jiangshi
  2 green deaths
  27 hydras
  14 yaktaur captains
  2 spriggan zombies
  10 ice dragons
  A hell beast (Depths:3)
  2 salamander tyrants (Snake:4)
  40 vault guards
  5 spriggan air magi
  6 rakshasas
  10 ironbound frosthearts
  19 anacondas
  2 peacekeepers
  2 ghost crabs (Swamp:3)
  3 ogre magi
  4 boulder beetles
  26 dancing weapons
  6 centaur warriors
  4 death knights
  13 two-headed ogres
  15 alligators
  7 deep troll shamans
  9 deep troll earth magi
  8 vampire magi
  2 death yaks (Gauntlet)
  12 spriggan berserkers
  14 naga warriors
  An orc high priest (Orc:1)
  3 hell knights (Depths:4)
  16 shock serpents
  5 tengu warriors
  A titan zombie (Vaults:3)
  6 soul eaters
  9 naga sharpshooters
  15 deep elf knights
  A storm dragon zombie (Crypt:3)
  10 skeletal warriors
  A sixfirhy (Abyss:4)
  4 wretched stars
  10 iron trolls
  2 spatial maelstroms (Abyss:4)
  4 shadow wraiths
  2 spriggan druids
  A sea snake (Snake:1)
  6 salamander mystics
  9 flayed ghosts
  2 death drakes
  2 shadow demons (Depths:3)
  83 deep trolls
  11 swamp dragons
  An orange crystal statue (IceCv)
  5 glowing orange brains
  16 deep elf archers
  3 naga ritualists
  13 starcursed masses
  A bunyip skeleton (Crypt:3)
  5 spectral hydras (Swamp:3)
  7 goliath frogs
  14 phantasmal warriors
  5 wizards
  9 bog bodies
  34 deep elf pyromancers
  4 harpies (Vaults:3)
  7 lindwurms
  12 orc knights
  11 necromancers
  3 goliath frog zombies (Swamp:3)
  19 ironbound convokers
  32 deep elf zephyrmancers
  A wolf spider (D:14)
  25 ugly things
  8 mana vipers
  15 salamanders
  A wolf spider (shapeshifter) (Vaults:5)
  2 manticores
  An oklob plant (Gauntlet)
  8 slime creatures
  An orc sorcerer (Orc:2)
  A rust devil (Depths:2)
  3 cyclopes
  3 will-o-the-wisps
  Maurice (Orc:1)
  A black mamba (shapeshifter) (Vaults:1)
  A stone giant zombie (Crypt:1)
  7 elephants
  2 torpor snails
  2 ice statues (Swamp:4)
  24 moths of wrath
  30 black mambas
  A stone giant skeleton (Crypt:1)
  An apocalypse crab (Abyss:4)
  11 guardian serpents
  20 vault sentinels
  3 centaur zombies
  24 naga magi
  An alligator snapping turtle zombie (Crypt:1)
  An orange demon (Zot:1)
  3 gargoyles
  A purple draconian zombie (Crypt:3)
  4 smoke demons
  A yaktaur (shapeshifter) (Elf:1)
  A rime drake (Lair:5)
  20 cane toads
  A centaur skeleton (D:15)
  9 komodo dragons
  A tengu conjurer (D:13)
  4 unseen horrors
  5 kobold demonologists
  13 freezing wraiths
  A tormentor (Depths:3)
  A harpy zombie (D:15)
  4 swamp worm zombies (Swamp:3)
  31 yaktaurs
  3 efreet
  2 hellwings
  A red devil (Depths:2)
  2 anaconda simulacra (IceCv)
  2 guardian mummies (Crypt:3)
  10 trolls
  2 polar bears
  A death drake zombie (Crypt:1)
  A bloated husk (Swamp:3)
  5 ancient zymes
  18 hornets
  14 tyrant leeches
  2 tarantellas
  A wind drake (shapeshifter) (Vaults:5)
  A harpy skeleton (Crypt:3)
  12 raiju
  A spectral swamp dragon (Swamp:3)
  6 alligator zombies (Swamp:3)
  A human simulacrum (Vaults:4)
  A raiju (shapeshifter) (D:13)
  A deep troll zombie (Vaults:4)
  37 blink frogs
  A guardian serpent skeleton (Crypt:2)
  2 elf skeletons
  8 flying skulls
  4 vampires
  A culicivora (shapeshifter) (Vaults:5)
  7 water elementals
  4 air elementals
  12 spriggans
  A wyvern (Lair:2)
  2 centaur simulacra
  An ushabti (Crypt:3)
  A human (D:13)
  A dire elephant simulacrum (IceCv)
  A human (shapeshifter) (Depths:3)
  3 basilisks
  A ynoxinul (D:4)
  3 shadows (Gauntlet)
  41 yaks
  16 wraiths
  3 tyrant leech zombies (Swamp:3)
  4 chaos spawn
  4 redbacks
  A steam dragon (D:8)
  4 fire elementals
  A yaktaur simulacrum (Vaults:4)
  3 neqoxecs (Abyss:4)
  6 wargs
  Menkaure (D:5)
  2 harpy simulacra (IceCv)
  14 vampire mosquitoes
  4 large abominations
  55 nagas
  3 spatial vortices (Abyss:4)
  An acid dragon (Gauntlet)
  2 fire bat skeletons
  An ogre zombie (Vaults:3)
  13 swamp worms
  A glowing shapeshifter zombie (Vaults:3)
  A naga skeleton (Crypt:1)
  19 water moccasins
  A floating eye (Depths:3)
  A glowing shapeshifter skeleton (Crypt:3)
  A cane toad zombie (Crypt:3)
  An ice beast (D:8)
  40 orc warriors
  13 swamp drakes
  2 black bears
  An ettin simulacrum (IceCv)
  An alligator simulacrum (IceCv)
  10 ogres
  A black mamba simulacrum (Crypt:1)
  10 wolves (Lair:1)
  An elephant skeleton (Crypt:1)
  5 small abominations
  5 centaurs
  A lindwurm skeleton (Crypt:3)
  3 kobold brigands
  14 bullfrogs
  A bullfrog (shapeshifter) (Vaults:5)
  A human zombie (Vaults:3)
  8 necrophages
  2 earth elementals
  2 scorpions
  A wyvern zombie (Crypt:3)
  2 warg zombies
  11 wights
  A lindwurm simulacrum (IceCv)
  A spriggan skeleton (Crypt:2)
  3 killer bees (D:7)
  4 troll zombies (Swamp:3)
  A yak skeleton (Crypt:1)
  A wolf zombie (Crypt:1)
  5 electric eels
  A wolf skeleton (Crypt:2)
  A quasit (Abyss:2)
  A hound (D:7)
  An iron imp (Abyss:2)
  3 jellies
  A basilisk zombie (Crypt:3)
  19 orc priests
  Jessica (D:3)
  2 gnoll boudas
  A human skeleton (Crypt:3)
  Ijyb (D:3)
  3 iguanas
  22 orc wizards
  7 hell rats (Lair:4)
  A tengu skeleton (Crypt:1)
  9 mummies
  13 gnolls
  7 adders
  10 river rats
  3 shadow imps (Gauntlet)
  2 white imps (D:7)
  A lava snake zombie (Crypt:3)
  A lava snake skeleton (Crypt:2)
  4 dart slugs
  92 orcs
  12 ball pythons
  4 endoplasms
  3 giant cockroaches
  4 goblins
  5 hobgoblins
  6 jackals (D:4)
  31 kobolds
  A quokka (D:2)
  A ball python skeleton (Crypt:2)
  8 bats
  3 frilled lizards
  2 gnoll zombies
  2 hobgoblin zombies (Ossuary)
  A jackal skeleton (Crypt:2)
  3 kobold zombies (Ossuary)
  2 orc zombies (Ossuary)
  15 rats
  2 starspawn tentacles (Abyss:4)
2415 creatures vanquished.

Vanquished Creatures (collateral kills)
  A tengu reaver (Vaults:4)
  A ghoul (Swamp:4)
  3 swamp dragons (Swamp:4)
  A naga mage (Snake:3)
  A guardian serpent (Snake:2)
  An acid dragon (D:14)
  A naga (Snake:3)
  A wolf (Lair:1)
  A gnoll (D:8)
  2 river rats (Sewer)
  A kobold (D:8)
  2 rats (Sewer)
16 creatures vanquished.

Vanquished Creatures (others)
  A bone dragon (Abyss:4)
  A draconian knight (Zot:1)
  An ironbound preserver (Vaults:1)
  A rakshasa (Depths:1)
  An ogre mage (Vaults:5)
  2 deep elf knights (Elf:1)
  A salamander mystic (Depths:3)
  A sixfirhy (Abyss:2)
  2 large abominations
  2 deep elf archers (Elf:3)
  A tengu conjurer (Depths:1)
  3 bloated husks
  A water elemental (Elf:1)
  2 golden eyes (Abyss:2)
  An orc warrior (Vaults:5)
  A naga (Snake:3)
  An ogre (Vaults:5)
  A gnoll sergeant (D:8)
  3 small abominations
  A gnoll (D:3)
  A kobold (Sewer)
  2 briar patches (Swamp:4)
  A demonic plant (D:10)
  22 foxfires
  47 fungi
  115 plants
  4 starspawn tentacles (Abyss:4)
  8 toadstools (Lair:2)
  3 withered plants
231 creatures vanquished.

Grand Total: 2662 creatures vanquished

Notes
Turn   | Place    | Note
-------+----------+-------------------------------------------
     0 | D:1      | oldriver the Naga Artificer began the quest for the Orb.
     0 | D:1      | Reached XP level 1. HP: 18/18 MP: 1/1
    96 | D:1      | Reached XP level 2. HP: 22/25 MP: 2/2
   721 | D:1      | Reached skill level 2 in Fighting
   784 | D:1      | Reached XP level 3. HP: 15/32 MP: 3/3
  1555 | D:2      | Found a faded altar of an unknown god.
  1691 | D:3      | Found a glowing drain.
  1697 | D:3      | Reached skill level 1 in Short Blades
  1717 | D:3      | Reached XP level 4. HP: 10/40 MP: 4/4
  1839 | Sewer    | Entered a sewer
  2646 | Sewer    | Reached XP level 5. HP: 32/48 MP: 5/5
  2679 | Sewer    | Reached skill level 3 in Fighting
  3321 | Sewer    | Reached skill level 5 in Stealth
  3771 | D:3      | Noticed Ijyb
  3779 | D:3      | Killed Ijyb
  3780 | D:3      | Reached XP level 6. HP: 24/56 MP: 6/6
  4437 | D:3      | Noticed Jessica
  4443 | D:3      | Killed Jessica
  4638 | D:3      | Gained mutation: You have hidden genetic defects. [potion
                  | of mutation]
  4638 | D:3      | Gained mutation: You are agile. (Dex +4, Str/Int -1)
                  | [potion of mutation]
  5059 | D:4      | Gained mutation: You are vulnerable to heat. (rF-) [hidden
                  | defects]
  5262 | D:4      | Got the Compilation of Wanderlust
  5277 | D:4      | Found a staircase to the Ecumenical Temple.
  5366 | Temple   | Entered the Ecumenical Temple
  6244 | D:5      | Entered Level 5 of the Dungeon
  6280 | D:5      | Noticed a water moccasin
  6286 | D:5      | Killed a water moccasin
  6287 | D:5      | Reached skill level 4 in Fighting
  6287 | D:5      | Reached skill level 1 in Throwing
  6287 | D:5      | Reached XP level 7. HP: 64/64 MP: 7/7
  6287 | D:5      | Gained mutation: You are dopey. (Int -2) [hidden defects]
  6287 | D:5      | Lost mutation: You have hidden genetic defects. [hidden
                  | defects expressed]
  6510 | D:5      | Noticed Menkaure
  6516 | D:5      | Killed Menkaure
  6517 | D:5      | Reached skill level 5 in Short Blades
  6939 | D:6      | Reached XP level 8. HP: 73/73 MP: 8/8
  6951 | D:5      | Reached skill level 5 in Fighting
  7156 | D:6      | Reached skill level 1 in Dodging
  7882 | D:6      | Found Pogurher's Distillery.
  7890 | D:6      | Bought a potion of heal wounds for 60 gold pieces
  7890 | D:6      | Bought a potion of heal wounds for 60 gold pieces
  7941 | D:6      | Reached XP level 9. HP: 74/82 MP: 9/9
  8252 | D:7      | Reached skill level 6 in Fighting
  8385 | D:7      | Found a blossoming altar of Fedhas.
  8689 | D:7      | Found Adod's Assorted Antiques.
  8697 | D:7      | Bought a twisted silver ring for 105 gold pieces
  9066 | D:8      | Noticed a hornet
  9070 | D:8      | Found a sand-covered staircase.
  9074 | D:8      | Noticed a two-headed ogre
  9080 | Ossuary  | Entered an ossuary
  9710 | D:8      | Killed a two-headed ogre
  9711 | D:8      | Reached skill level 7 in Fighting
  9799 | D:8      | Killed a hornet
  9800 | D:8      | Reached XP level 10. HP: 94/94 MP: 10/10
  9809 | D:8      | Found Roheit's Weapon Boutique.
  9851 | D:8      | Noticed a two-headed ogre
  9860 | D:8      | Killed a two-headed ogre
 10009 | D:8      | Reached skill level 8 in Fighting
 10169 | D:8      | Reached skill level 10 in Short Blades
 10209 | D:8      | Found a shimmering altar of Xom.
 11026 | D:9      | Found a stormy altar of Qazlal.
 11042 | D:9      | Found a white marble altar of Elyvilon.
 11042 | D:9      | Found a shadowy altar of Dithmenos.
 11043 | D:9      | Found a radiant altar of Vehumet.
 11044 | D:9      | Found a broken altar of Ashenzari.
 11047 | D:9      | Found an ornate altar of the Wu Jian Council.
 11051 | D:9      | Became a worshipper of the Wu Jian Council
 11067 | D:9      | Found a staircase to the Orcish Mines.
 11669 | D:9      | Noticed a two-headed ogre
 11670 | D:9      | Killed a two-headed ogre
 11776 | D:10     | Entered Level 10 of the Dungeon
 11776 | D:10     | Found a staircase to the Lair.
 11777 | D:10     | Noticed a kobold demonologist
 11809 | D:10     | Noticed a two-headed ogre
 11819 | D:10     | Found a basalt altar of Yredelemnul.
 11826 | D:10     | Found a corrupted altar of Lugonu.
 11826 | D:10     | Noticed a kobold demonologist
 11826 | D:10     | Noticed a kobold demonologist
 11830 | D:10     | Killed a kobold demonologist
 11831 | D:10     | Reached skill level 9 in Fighting
 11832 | D:10     | Killed a kobold demonologist
 11832 | D:10     | Reached * piety under Wu Jian
 11833 | D:10     | Reached XP level 11. HP: 106/106 MP: 11/11
 11903 | D:10     | Found a portal to a secret trove of treasure.
 12188 | D:10     | Found a snail-covered altar of Cheibriados.
 12562 | D:10     | Killed a two-headed ogre
 12907 | Lair:1   | Entered Level 1 of the Lair of Beasts
 12936 | Lair:1   | Reached skill level 5 in Armour
 12936 | Lair:1   | Reached skill level 5 in Dodging
 12971 | Lair:1   | Reached skill level 10 in Fighting
 12985 | Lair:1   | Lost mutation: You are dopey. (Int -2) [potion of mutation]
 12985 | Lair:1   | Lost mutation: You are vulnerable to heat. (rF-) [potion of
                  | mutation]
 12985 | Lair:1   | Gained mutation: You have a pair of small horns on your
                  | head. [potion of mutation]
 12985 | Lair:1   | Gained mutation: You possess an exceptional clarity of
                  | mind. [potion of mutation]
 13111 | Lair:1   | Noticed a boulder beetle
 13134 | Lair:1   | Killed a boulder beetle
 13135 | Lair:1   | Reached skill level 11 in Fighting
 13749 | Lair:1   | Reached ** piety under Wu Jian
 13755 | Lair:1   | Reached skill level 12 in Fighting
 13839 | Lair:1   | Reached XP level 12. HP: 111/122 MP: 12/12
 14048 | Lair:1   | Identified the +2 pair of boots "Kiosimap" {Will+ SInv
                  | Stlth+}
 14085 | Lair:1   | Reached skill level 13 in Fighting
 14497 | Lair:2   | Found a staircase to the Snake Pit.
 14535 | Lair:2   | Identified the +5 scale mail of Ubiuwn {Dex+8}
 14762 | Lair:2   | Noticed a five-headed hydra
 14882 | Lair:2   | Identified the ring "Kemik" {Fire Str+2}
 15133 | Lair:2   | Found a staircase to the Swamp.
 15134 | Lair:2   | Killed a five-headed hydra
 15241 | Lair:2   | Reached skill level 10 in Stealth
 15261 | Lair:2   | Noticed a catoblepas
 15281 | Lair:2   | Found a runed translucent door.
 15482 | Lair:3   | Noticed a five-headed hydra
 15517 | Lair:3   | Reached *** piety under Wu Jian
 15525 | Lair:3   | Reached skill level 14 in Fighting
 15620 | Lair:3   | Found a runed translucent door.
 15620 | Lair:3   | Found a shimmering altar of Xom.
 15620 | Lair:3   | Noticed bmack86's ghost (journeyman MiFi)
 15680 | Lair:3   | Noticed an eight-headed hydra
 15692 | Lair:3   | Killed an eight-headed hydra
 15839 | Lair:2   | Killed a five-headed hydra
 15840 | Lair:2   | Gained mutation: You can use your snake-like lower body to
                  | constrict enemies. [Naga growth]
 15840 | Lair:2   | Reached XP level 13. HP: 122/135 MP: 13/13
 15998 | Lair:3   | Identified a scroll of acquirement
 15998 | Lair:3   | Acquired 735 gold pieces
 16295 | Lair:3   | Noticed Gastronok
 16316 | Lair:3   | Killed Gastronok
 16317 | Lair:3   | Reached skill level 5 in Evocations
 16416 | Lair:3   | Noticed Rupert
 16431 | Lair:3   | Paralysed by Rupert for 5 turns
 16437 | Lair:3   | Killed Rupert
 16893 | Lair:4   | Found a gate leading to a gauntlet.
 16903 | Gauntlet | Entered a Gauntlet
 16903 | Gauntlet | Found a transporter.
 16913 | Gauntlet | Found a transporter.
 16915 | Gauntlet | Found a transporter.
 16916 | Gauntlet | Found a transporter.
 16927 | Gauntlet | Found a transporter.
 16928 | Gauntlet | Found a transporter.
 16929 | Gauntlet | Found a transporter.
 16936 | Gauntlet | Found a transporter.
 16939 | Gauntlet | Found a transporter.
 16940 | Gauntlet | Found a transporter.
 16946 | Gauntlet | Found a runed translucent gate.
 16948 | Gauntlet | Found a transporter.
 16949 | Gauntlet | Found a runed translucent gate.
 16950 | Gauntlet | Found a runed translucent gate.
 16951 | Gauntlet | Found a transporter.
 16952 | Gauntlet | Found a transporter.
 16961 | Gauntlet | Found a transporter.
 17605 | Gauntlet | Noticed a minotaur
 17611 | Gauntlet | Killed a minotaur
 18005 | Lair:4   | Reached skill level 1 in Long Blades
 18437 | Lair:4   | Reached **** piety under Wu Jian
 18644 | Lair:5   | Entered Level 5 of the Lair of Beasts
 18918 | Lair:5   | Identified the +8 morningstar "Giantslayer" {heavy, rN+}
 18969 | Lair:5   | Reached skill level 15 in Fighting
 18986 | Lair:5   | Reached XP level 14. HP: 123/147 MP: 14/14
 19115 | Lair:5   | Reached skill level 5 in Long Blades
 19195 | Lair:5   | Reached ***** piety under Wu Jian
 19609 | Lair:5   | Identified the ring "Muecwaushro" {rCorr MP+9}
 19614 | Lair:5   | Identified the +1 hand axe of Jushagha {spect, rN+ Dex+4}
 19950 | Lair:5   | Found a viscous altar of Jiyva.
 19951 | Lair:5   | Found a staircase to the Slime Pits.
 21156 | D:11     | Identified the +3 leather armour of Pathos {rPois Dex+4
                  | Slay-3}
 22675 | D:13     | Reached skill level 1 in Shields
 22875 | D:14     | Noticed Louise
 22882 | Abyss:2  | Cast into level 2 of the Abyss (Louise)
 23387 | Abyss:2  | Reached XP level 15. HP: 124/124 MP: 15/15
 23669 | Abyss:2  | Noticed a dread lich
 23695 | Abyss:2  | Noticed an angel
 23703 | Abyss:2  | Killed an angel
 23765 | Abyss:3  | Found a corrupted altar of Lugonu.
 23779 | Abyss:3  | Noticed a tentacled starspawn
 23839 | D:14     | Escaped the Abyss
 24142 | Orc:1    | Entered Level 1 of the Orcish Mines
 24235 | Orc:1    | Noticed Maurice
 24249 | Orc:1    | Killed Maurice
 24412 | Orc:2    | Entered Level 2 of the Orcish Mines
 24708 | Orc:2    | Found Gaolob's Armour Shoppe.
 24722 | Orc:2    | Bought a scarf of resistance for 416 gold pieces
 25058 | Orc:2    | Found a staircase to the Elven Halls.
 25211 | Orc:2    | Found Igoxus's Armour Shop.
 25221 | Orc:2    | Bought a +1 buckler of reflection for 148 gold pieces
 25292 | Orc:2    | Reached skill level 16 in Fighting
 25319 | Orc:2    | Found a large runed translucent door.
 25319 | Orc:2    | Found a large runed translucent door.
 25323 | Orc:2    | Noticed Jackthecabe's ghost (journeyman DgCj)
 25358 | Orc:2    | Noticed Saint Roka
 25388 | Orc:2    | Reached ****** piety under Wu Jian
 25507 | Orc:2    | Killed Saint Roka
 25562 | Orc:2    | Found Typyud's Antique Armour Boutique.
 25574 | Orc:2    | Found Myuruaf's Antique Weapon Shop.
 25594 | Orc:2    | Bought a pair of spiked gloves for 237 gold pieces
 25594 | Orc:2    | Identified the +1 pair of gloves "Vibudept" {Rampage Regen+
                  | Str+10 Dex-5} (You bought it in a shop on level 2 of the
                  | Orcish Mines)
 25598 | Orc:2    | Bought a slimy ring mail for 225 gold pieces
 25598 | Orc:2    | Identified the +4 ring mail of Dice, Bag, and Bottle {rC+
                  | rCorr Str+2} (You bought it in a shop on level 2 of the
                  | Orcish Mines)
 25598 | Orc:2    | Bought an ancient chain mail for 237 gold pieces
 25598 | Orc:2    | Identified the +4 chain mail of Foolhardiness {Drain rC+
                  | rCorr} (You bought it in a shop on level 2 of the Orcish
                  | Mines)
 25756 | Orc:2    | Killed Jackthecabe's ghost
 25968 | D:14     | Noticed Josephine
 25974 | D:14     | Reached skill level 5 in Shields
 25976 | D:14     | Killed Josephine
 25986 | D:14     | Reached skill level 10 in Long Blades
 26152 | D:14     | Identified the +1 hand axe "Belidoj" {elec, *Slow MP+9
                  | Str+6}
 26552 | D:14     | Louise changed into Louise the wolf spider
 26552 | D:14     | Noticed Louise
 26556 | D:14     | Killed Louise the wolf spider
 26784 | D:15     | Entered Level 15 of the Dungeon
 26913 | D:15     | Found a staircase to the Depths.
 27138 | D:15     | Reached XP level 16. HP: 141/165 MP: 16/16
 27682 | Snake:1  | Entered Level 1 of the Snake Pit
 28092 | Swamp:1  | Entered Level 1 of the Swamp
 28120 | Swamp:1  | Noticed a thorn hunter
 28124 | Swamp:1  | Identified the +1 buckler of Kibbomuj {rC+}
 28132 | Swamp:1  | Killed a thorn hunter
 28950 | Swamp:2  | Noticed a thorn hunter
 28960 | Swamp:2  | Killed a thorn hunter
 29164 | Swamp:2  | Paralysed by a hornet for 1 turns
 29169 | Swamp:2  | Reached skill level 10 in Armour
 29838 | Swamp:3  | Reached skill level 17 in Fighting
 30358 | Swamp:3  | Reached XP level 17. HP: 176/176 MP: 17/17
 31143 | Swamp:3  | Reached skill level 10 in Evocations
 32308 | Snake:1  | Noticed Nikola
 32321 | Snake:1  | Killed Nikola
 32403 | Snake:1  | Reached skill level 18 in Fighting
 32517 | Snake:1  | Noticed Jorgrun
 32522 | Snake:1  | Killed Jorgrun
 33505 | Snake:2  | Noticed Aizul
 33524 | Snake:2  | Killed Aizul
 33794 | Snake:2  | Found Orudwig's Jewellery Boutique.
 33795 | Snake:2  | Found Mumoeh's Book Shoppe.
 33795 | Snake:2  | Found Vuurri's Book Shoppe.
 34204 | Snake:2  | Reached XP level 18. HP: 177/189 MP: 18/18
 34972 | Snake:2  | Noticed Mlioglotl
 34990 | Snake:2  | Killed Mlioglotl
 35649 | Snake:2  | Reached skill level 5 in Throwing
 36141 | Snake:2  | Reached skill level 19 in Fighting
 36866 | Snake:3  | Noticed Roxanne
 37010 | Snake:3  | Noticed Mara
 37022 | Snake:3  | Noticed oldriver's illusion
 37024 | Snake:3  | Noticed oldriver's illusion
 37029 | Snake:3  | Noticed oldriver's illusion
 37035 | Snake:3  | Killed Mara
 37829 | Snake:4  | Entered Level 4 of the Snake Pit
 39081 | Snake:4  | Reached skill level 20 in Fighting
 39160 | Snake:4  | Reached XP level 19. HP: 198/202 MP: 19/19
 39388 | Snake:4  | Got a serpentine rune of Zot
 40422 | Swamp:4  | Entered Level 4 of the Swamp
 40675 | Swamp:4  | Found a frozen archway.
 40696 | IceCv    | Entered an ice cave
 40749 | IceCv    | Found a transporter.
 40755 | IceCv    | Found a transporter.
 40770 | IceCv    | Identified the +2 lajatang "Joigian" {heavy, Str+6 Dex+3}
 41350 | Swamp:4  | Noticed the 27-headed Lernaean hydra
 41359 | Swamp:4  | Killed the 27-headed Lernaean hydra
 41364 | Swamp:4  | Reached skill level 10 in Shields
 41427 | Swamp:4  | Noticed a tentacled monstrosity
 41454 | Swamp:4  | Killed a tentacled monstrosity
 41594 | Swamp:4  | Got a decaying rune of Zot
 42162 | Depths:1 | Entered Level 1 of the Depths
 42219 | Depths:1 | Found a gateway to Hell.
 43011 | Depths:1 | Found a one-way gate leading to the halls of Pandemonium.
 43370 | Depths:1 | Identified the +1 pair of gloves of Lorumer {rElec rF-
                  | rCorr Int+6}
 43432 | Depths:1 | Found an ornate altar of the Wu Jian Council.
 43539 | Depths:1 | Found a bloodstained altar of Trog.
 43938 | Depths:1 | Reached XP level 20. HP: 201/210 MP: 20/20
 43967 | Depths:1 | Found a corrupted altar of Lugonu.
 43968 | Depths:1 | Found a one-way gate to the infinite horrors of the Abyss.
 44163 | Depths:1 | Got the Codex of Warped Pyromania
 44170 | Depths:1 | Got the Compilation of Mutated Envenoming
 44302 | Depths:2 | Noticed a caustic shrike
 44613 | Depths:2 | Killed a caustic shrike
 44853 | Depths:2 | Identified the +0 scale mail "Buis" {+Blink rF+++ rCorr
                  | Int-2}
 45386 | Depths:2 | Reached skill level 10 in Dodging
 45598 | Depths:2 | Found a burning altar of Makhleb.
 46063 | Elf:1    | Entered Level 1 of the Elven Halls
 46573 | Elf:1    | Found a shimmering blue altar of Sif Muna.
 46849 | Elf:1    | Got the Tome of the Congregation
 47250 | Elf:2    | Reached XP level 21. HP: 222/222 MP: 21/21
 47327 | Elf:2    | Found Luysmy's Book Boutique.
 47575 | Elf:2    | Found a runed translucent gate.
 47576 | Elf:2    | Found a runed translucent gate.
 47576 | Elf:2    | Found a runed translucent gate.
 47988 | Elf:2    | Reached skill level 21 in Fighting
 48551 | Elf:3    | Entered Level 3 of the Elven Halls
 48765 | Elf:3    | Found Seugod's Assorted Antiques.
 48774 | Elf:3    | Bought a steaming turquoise ring for 190 gold pieces
 48774 | Elf:3    | Identified the ring of Ulao {+Blink AC+4 Str+3} (You bought
                  | it in a shop on level 3 of the Elven Halls)
 49138 | Elf:3    | Found Ypainul's Magic Scroll Shoppe.
 49141 | Elf:3    | Bought a scroll of acquirement for 988 gold pieces
 49146 | Elf:3    | Acquired a manual of Dodging
 49189 | Elf:3    | Found Ishipp's Book Boutique.
 49190 | Elf:3    | Found Cyig's Antique Weapon Emporium.
 49201 | Elf:3    | Bought a manual of Armour for 1200 gold pieces
 49267 | Elf:3    | Found Kanadov's Antique Armour Shoppe.
 49276 | Elf:3    | Bought a glimmering tower shield for 313 gold pieces
 49276 | Elf:3    | Identified the +3 tower shield of Modesty {Harm} (You
                  | bought it in a shop on level 3 of the Elven Halls)
 49333 | Elf:3    | Identified the ring of Qapraf {Wiz rElec Str-3 SInv Stlth+}
 49778 | Elf:3    | Identified the amulet of Kiroufos {Fragile Fly Regen+
                  | Int+5}
 50343 | Depths:2 | Identified the +0 ring mail "Zoskipheil" {-Cast Dex+3}
 50837 | Depths:2 | Found a stormy altar of Qazlal.
 51098 | Depths:3 | Found an opulent altar of Gozag.
 51676 | Elf:3    | Identified the +7 plate armour of Creativity {Int+3 Dex+6}
 51676 | Elf:3    | Identified the ring of Ufamep {Wiz rN++ Str+2}
 51761 | Elf:3    | Identified the ring "Igasaloo" {rPois Will+ Str-5 Int+4
                  | Dex+2}
 51824 | Elf:3    | Reached XP level 22. HP: 201/229 MP: 22/22
 51861 | Elf:3    | Identified the +0 shortbow of Conscience {heavy, rC+}
 51889 | Elf:3    | Identified the ring of the Shrieking God {Int+6 Dex+2}
 51902 | Elf:3    | Reached skill level 15 in Armour
 51968 | Elf:3    | Got the Vellum of Assembled Rime
 51975 | Elf:3    | Got Sif Muna's Verses on the Tesseract
 51976 | Elf:3    | Identified the +1 pair of gloves "Nuggul" {Int+4 Dex-3
                  | Stlth+}
 52636 | Depths:3 | Found Plog's Weapon Shoppe.
 52638 | Depths:3 | Found Siacu's Antique Armour Shoppe.
 52638 | Depths:3 | Found Zeesm's Armour Emporium.
 52670 | Depths:3 | Found Kiotaj's Weapon Emporium.
 52679 | Depths:3 | Noticed a caustic shrike
 52685 | Depths:3 | Killed a caustic shrike
 52792 | Depths:3 | Noticed a juggernaut
 52809 | Depths:3 | Killed a juggernaut
 53197 | D:13     | Found a gate to the Vaults.
 53289 | Vaults:1 | Entered Level 1 of the Vaults
 53985 | Vaults:1 | You are sucked into a shaft and drop 1 floor!
 54999 | Vaults:1 | Reached skill level 15 in Dodging
 55738 | Vaults:1 | Found the macabre finger necklace {rN+}
 55846 | Vaults:1 | Got the Discursus on Congregated Hexes
 55920 | Vaults:1 | Reached XP level 23. HP: 195/240 MP: 23/23
 56007 | Vaults:1 | Reached skill level 15 in Stealth
 57142 | Vaults:3 | Found a staircase to the Crypt.
 57261 | Vaults:3 | Found Desumip's Antique Weapon Shop.
 58690 | Vaults:4 | Reached skill level 15 in Shields
 58788 | Vaults:4 | Noticed Frederick
 58797 | Vaults:4 | Killed Frederick
 59222 | Vaults:4 | Reached XP level 24. HP: 246/249 MP: 23/23
 59324 | Vaults:4 | Found Xiofimid's Antique Armour Shop.
 59331 | Vaults:4 | Bought a smelly scale mail for 297 gold pieces
 59331 | Vaults:4 | Identified the +2 scale mail of Pandemonium {Stlth+} (You
                  | bought it in a shop on level 4 of the Vaults)
 59642 | Vaults:4 | Noticed Jory
 59658 | Vaults:4 | Killed Jory
 60159 | Crypt:1  | Entered Level 1 of the Crypt
 61719 | Crypt:2  | Reached skill level 22 in Fighting
 62709 | Crypt:3  | Entered Level 3 of the Crypt
 62920 | Crypt:3  | Found a staircase to the Tomb.
 63754 | Crypt:3  | Reached skill level 23 in Fighting
 64445 | Crypt:3  | Identified the amulet "Doshoull" {Acrobat Will- Dex+8 SInv}
 64457 | Crypt:3  | Noticed a curse toe
 65156 | Depths:3 | Got the Directory of the Welkin and Firn
 65509 | Depths:4 | Entered Level 4 of the Depths
 65578 | Depths:4 | Reached XP level 25. HP: 256/265 MP: 23/23
 65616 | Depths:4 | Found Zeygo's Jewellery Boutique.
 65798 | Depths:4 | Found a one-way gateway to a ziggurat.
 65828 | Depths:4 | Found a blossoming altar of Fedhas.
 65986 | Depths:4 | Found a gate to the Realm of Zot.
 66668 | Depths:4 | Identified the +8 rapier "Liastruseu" {freeze, Dex+3}
 68401 | Snake:3  | Killed Roxanne
 68798 | Vaults:5 | Entered Level 5 of the Vaults
 68816 | Vaults:4 | Reached skill level 24 in Fighting
 68904 | Vaults:5 | Noticed an ancient lich
 68913 | Vaults:5 | Killed an ancient lich
 69753 | Vaults:5 | Reached XP level 26. HP: 99/279 MP: 23/23
 69943 | Vaults:5 | Noticed an ancient lich
 69950 | Vaults:5 | Killed an ancient lich
 70077 | Vaults:5 | Acquired 884 gold pieces
 70096 | Vaults:5 | Reached skill level 25 in Fighting
 70237 | Vaults:5 | Noticed a dread lich
 70244 | Vaults:5 | Killed a dread lich
 70251 | Abyss:4  | Cast into level 4 of the Abyss (a deep elf sorcerer)
 70256 | Abyss:4  | Found a corrupted altar of Lugonu.
 70299 | Abyss:4  | Found a corrupted altar of Lugonu.
 70425 | Abyss:4  | Paralysed by accursed screaming for 1 turns
 70444 | Abyss:4  | Paralysed by you for 2 turns
 70645 | Abyss:4  | Paralysed by accursed screaming for 2 turns
 70657 | Vaults:5 | Escaped the Abyss
 70872 | Vaults:5 | Identified the +3 spear "Ogrebane" {venom, Str+3 Dex-2}
 70909 | Vaults:5 | Found Ulukagruru's Antique Weapon Shoppe.
 70909 | Vaults:5 | Found Fedibuc's Distillery.
 70917 | Vaults:5 | Bought a potion of heal wounds for 80 gold pieces
 70917 | Vaults:5 | Bought a potion of mutation for 128 gold pieces
 70917 | Vaults:5 | Bought a potion of curing for 48 gold pieces
 70925 | Vaults:5 | Found Omater's Book Boutique.
 71065 | Vaults:5 | Got a silver rune of Zot
 71193 | Vaults:5 | Found Zeoqaag's Distillery.
 71193 | Vaults:5 | Noticed a dread lich
 71212 | Vaults:5 | Killed a dread lich
 71309 | Vaults:5 | Found the +3 giant club "Skullcrusher" {speed, Str+7}
 71740 | Zot:1    | Entered Level 1 of the Realm of Zot
 72145 | Zot:1    | Found the +4 dragonskin cloak
 72145 | Zot:1    | Noticed Tiamat
 72205 | Zot:1    | Killed Tiamat
 72689 | D:7      | Bought a potion of resistance for 210 gold pieces
 72689 | D:7      | Bought 2 potions of heal wounds for 210 gold pieces
 73197 | Zot:1    | Reached skill level 26 in Fighting
 73488 | Zot:1    | Identified the +2 helmet of Crawling {Str+4}
 74061 | Zot:2    | Reached XP level 27. HP: 294/295 MP: 23/23
 74196 | Zot:2    | Acquired a manual of Stealth
 75009 | Elf:3    | Bought a ring of protection from fire for 950 gold pieces
 76628 | Zot:2    | Reached skill level 27 in Fighting
 77427 | Zot:4    | Noticed Vv
 77443 | Zot:3    | Killed Vv
 78347 | Zot:5    | Entered Level 5 of the Realm of Zot
 79362 | D:6      | Bought a potion of curing for 36 gold pieces
 79362 | D:6      | Bought a potion of invisibility for 96 gold pieces
 79362 | D:6      | Bought a potion of curing for 36 gold pieces
 79362 | D:6      | Bought a potion of cancellation for 96 gold pieces
 79397 | D:7      | Bought a potion of cancellation for 168 gold pieces
 79939 | Zot:5    | Noticed an ancient lich
 79939 | Zot:5    | Noticed an orb of fire
 79940 | Zot:5    | Noticed an orb of fire
 79940 | Zot:5    | Noticed an orb of fire
 79947 | Zot:5    | Noticed an orb of fire
 79947 | Zot:5    | HP: 14/298 [Orb Guardian (3)]
 79957 | Zot:5    | Gained mutation: You are dopey. (Int -2) [an orb of fire]
 79957 | Zot:5    | Gained mutation: Your spells are a little easier to cast,
                  | but a little less powerful. [an orb of fire]
 79961 | Zot:5    | Noticed an ancient lich
 79961 | Zot:5    | Gained mutation: You are vulnerable to heat. (rF-) [an orb
                  | of fire]
 79970 | Zot:5    | Paralysed by a Zot trap for 2 turns
 79970 | Zot:5    | Noticed an orb of fire
 81553 | Zot:5    | Gained mutation: You are very dopey. (Int -4) [an orb of
                  | fire]
 81554 | Zot:5    | Killed an orb of fire
 81556 | Zot:5    | Lost mutation: Your spells are a little easier to cast, but
                  | a little less powerful. [potion of mutation]
 81556 | Zot:5    | Lost mutation: You are vulnerable to heat. (rF-) [potion of
                  | mutation]
 81556 | Zot:5    | Gained mutation: You are partially covered in iridescent
                  | scales. (AC +2) [potion of mutation]
 81556 | Zot:5    | Lost mutation: You are partially covered in iridescent
                  | scales. (AC +2) [potion of mutation]
 81847 | Zot:5    | Gained mutation: You occasionally lose the ability to drink
                  | potions when taking damage. [an orb of fire]
 81857 | Zot:5    | Noticed an orb of fire
 81858 | Zot:5    | Killed an orb of fire
 81910 | Zot:4    | Lost mutation: You possess an exceptional clarity of mind.
                  | [potion of mutation]
 81910 | Zot:4    | Lost mutation: You are agile. (Dex +4, Str/Int -1) [potion
                  | of mutation]
 81910 | Zot:4    | Gained mutation: You can exhale a cloud of poison. [potion
                  | of mutation]
 81924 | Zot:5    | Gained mutation: You are frail. (-10% HP) [an orb of fire]
 81925 | Zot:5    | Gained mutation: You sometimes lose your temper in combat.
                  | [an orb of fire]
 81931 | Zot:5    | Killed an orb of fire
 81935 | Zot:5    | Lost mutation: You have a pair of small horns on your head.
                  | [potion of mutation]
 81935 | Zot:5    | Lost mutation: You are very dopey. (Int -4) [potion of
                  | mutation]
 81935 | Zot:5    | Lost mutation: You are dopey. (Int -2) [potion of mutation]
 81935 | Zot:5    | Gained mutation: You are dopey. (Int -2) [potion of
                  | mutation]
 81936 | Zot:5    | Lost mutation: You sometimes lose your temper in combat.
                  | [potion of mutation]
 81936 | Zot:5    | Lost mutation: You are dopey. (Int -2) [potion of mutation]
 81936 | Zot:5    | Gained mutation: You are dopey. (Int -2) [potion of
                  | mutation]
 81936 | Zot:5    | Lost mutation: You occasionally lose the ability to drink
                  | potions when taking damage. [potion of mutation]
 82023 | Zot:5    | Killed an ancient lich
 82310 | Zot:5    | Noticed a dread lich
 82505 | Zot:5    | Gained mutation: You have hidden genetic defects. [an orb
                  | of fire]
 82505 | Zot:5    | Gained mutation: You occasionally lose the ability to drink
                  | potions when taking damage. [an orb of fire]
 82510 | Zot:4    | Gained mutation: You are very frail. (-20% HP) [an orb of
                  | fire]
 82518 | Zot:4    | Gained mutation: You are extremely frail. (-30% HP) [an orb
                  | of fire]
 82519 | Zot:4    | Killed an orb of fire
 82591 | Zot:4    | Lost mutation: You can exhale a cloud of poison. [potion of
                  | mutation]
 82591 | Zot:4    | Lost mutation: You occasionally lose the ability to drink
                  | potions when taking damage. [potion of mutation]
 82591 | Zot:4    | Gained mutation: A frigid envelope surrounds you and
                  | freezes all who hurt you. [potion of mutation]
 82591 | Zot:4    | Gained mutation: You are agile. (Dex +4, Str/Int -1)
                  | [potion of mutation]
 82592 | Zot:4    | Lost mutation: You are extremely frail. (-30% HP) [potion
                  | of mutation]
 82592 | Zot:4    | Lost mutation: You are dopey. (Int -2) [potion of mutation]
 82592 | Zot:4    | Lost mutation: You are very frail. (-20% HP) [potion of
                  | mutation]
 82592 | Zot:4    | Gained mutation: You passively map a small area around you.
                  | [potion of mutation]
 82592 | Zot:4    | Gained mutation: You passively map the area around you.
                  | [potion of mutation]
 82638 | Zot:5    | Noticed an ancient lich
 82638 | Zot:5    | Noticed an ancient lich
 82642 | Zot:5    | Gained mutation: You occasionally shout uncontrollably at
                  | your foes. [an orb of fire]
 82659 | Zot:4    | Killed an orb of fire
 82668 | Zot:4    | Killed an ancient lich
 82927 | Zot:5    | Noticed a dread lich
 82928 | Zot:5    | Gained mutation: Your spells are a little easier to cast,
                  | but a little less powerful. [an orb of fire]
 82933 | Zot:5    | Killed an orb of fire
 82939 | Zot:5    | Killed a dread lich
 83093 | Zot:5    | Killed a dread lich
 83102 | Zot:5    | Gained mutation: You are very frail. (-20% HP) [hidden
                  | defects]
 83196 | Zot:5    | Killed an ancient lich
 83662 | Zot:5    | Killed an ancient lich
 83935 | Zot:5    | Gained mutation: You have terrible hidden genetic defects.
                  | [hidden defects]
 83935 | Zot:5    | Lost mutation: You have terrible hidden genetic defects.
                  | [hidden defects expressed]
 84296 | Zot:5    | Noticed an ancient lich
 84306 | Zot:5    | Killed an ancient lich
 84600 | Zot:5    | Got the Orb of Zot
 84798 | Depths:4 | Noticed Sumpyes the pandemonium lord
 84949 | D:14     | Noticed Kiedgheum the pandemonium lord
 85248 | D:4      | Noticed Udannef the pandemonium lord
 85253 | D:4      | Killed Udannef the pandemonium lord
 85305 | D:$      | Escaped with the Orb!

Illustrated notes

Levels and vault maps discovered:
D:1:      minmay_arrival_up_and_down, layout_basic, corexii_corridor_pit,
          minmay_distorted
D:2:      layout_rooms, ebering_ecumenical_altar_rust
D:3:      layout_loops_ring, cheibrodos_sewer_entry_sluice, uniq_jessica,
          uniq_ijyb
D:4:      layout_layer_cave, minmay_temple_entry_trees,
          kennysheep_cluttered_room, kennysheep_cross_room
D:5:      layout_basic, hangedman_decor_push, uniq_menkaure
D:6:      layout_gridville, serial_shops, nicolae_diamond_shop,
          kennysheep_generic_room_3
D:7:      layout_rooms, old_standard_altar, serial_shops, shop,
          serial_bayou_pond_d
D:8:      layout_loops_ring, xom_teletrap_fun, nicolae_ossuary_entry_monument,
          serial_shops, shop
D:9:      layout_cave_pools, minitemple, minmay_orc_entry_temple_small,
          grunt_ogre_cave
D:10:     kennysheep_kobold_lugonu_temple, layout_small_grid, slow_altar_1,
          mainiacjoe_overflow_boulevard, nicolae_trove_entry_free_sample,
          kennysheep_nondescript
D:11:     layout_basic
D:12:     layout_loops_cross
D:13:     layout_irregular_city, grunt_vaults_entry_fortified
D:14:     layout_irregular_city, serial_bayou_pond_b, uniq_josephine,
          uniq_louise
D:15:     grunt_enter_depths_magical_seal, layout_rooms, amethyst_killhole,
          nicolae_two_hexagons
Temple:   nicolae_temple_godzebo
Lair:1:   layout_chaotic_city, grunt_megastairs_4
Lair:2:   gammafunk_lair_enchanted_lake, layout_big_grid,
          minmay_swamp_entry_reptiles, dummy_snake_entry, lemuel_fruit_tree,
          infiniplex_staircase_pool_2
Lair:3:   layout_hall_layers, ebering_ghost_xom, dreamdust_gnoll_shepherd,
          uniq_rupert, uniq_gastronok
Lair:4:   layout_hall_layers, gauntlet_entry_generic
Lair:5:   minmay_lair_end_frog_pond, layout_regular_city,
          dpeg_slime_entry_enclosed, serial_bayou_crossing
Swamp:1:  layout_basic_swamp, nicolae_swamp_fairy_circle, swamp_pool5
Swamp:2:  layout_basic_swamp, serial_swamp_ruin, evilmike_swamp_ruin_house_4,
          evilmike_swamp_ruin_wall, swamp_pool3
Swamp:3:  cheibrodos_swamp_mausoleum, layout_basic_swamp,
          nicolae_swamp_tree_isthmus, swamp_pool5, infiniplex_staircase_pool
Swamp:4:  swamp_old_school, layout_basic_swamp,
          portal_ice_cave_entry_ice_statue_two
Snake:1:  layout_grid_maze, serial_bayou_shore_b, grunt_megastairs_5,
          serial_bayou_shore_a, uniq_jorgrun, uniq_nikola
Snake:2:  layout_grid_shapes, nicolae_snake_scaly_snakehead, minmay_shop_grove,
          uniq_mlioglotl, uniq_aizul
Snake:3:  layout_layer_cave, grunt_ministairs_12, drop_trap, grunt_megastairs_3,
          uniq_roxanne, uniq_mara
Snake:4:  hellmonk_snake_rune_quicksilver_temple, layout_basic
Orc:1:    layout_caves, basic_altar, uniq_maurice
Orc:2:    grunt_orc_community_town_hall, layout_caves,
          grunt_orc_community_big_house_2, grunt_orc_community_big_house_2,
          grunt_orc_community_house_1, grunt_orc_community_house_1,
          grunt_orc_community_house_3, grunt_orc_community_house_1,
          ebering_ghost_disaster_area
Elf:1:    eino_elf_arrival_customs, layout_gridlike, basic_altar,
          minmay_elf_demonology
Elf:2:    nicolae_elf_blades_crystal_corner, layout_geoelf_diagonals,
          serial_shops, nicolae_shop_advertising_works
          [nicolae_subvault_shop_adworks]
Elf:3:    elf_hall, layout_gridlike, serial_shops, shop,
          nicolae_shop_competitors_out_of_business, nicolae_shop_trees,
          nicolae_lakefront_shop, nicolae_shop_behind_doors,
          lemuel_flamethrower_1
Vaults:1: v_rooms_5, v_misc_3, nicolae_vaults_ninety_degrees,
          nicolae_vaults_little_squares_6, v_misc_17, vaults_standard_mumra_x,
          st_greater_box_3, nicolae_vaults_disjoint_gnomons,
          hangedman_vaults_impose, dpeg_vaults_monster_row,
          vaults_room_semicircle, hangedman_vaults_stretched_pinwheel,
          vaults_room_stairs_pillars, layout_vaults_omnibox
Vaults:2: vaults_room_hallway, nicolae_vaults_little_squares_3, v_misc_18,
          ontoclasm_vaults_gateway, vaults_room_door_hall,
          vaults_dpeg_encased_lava, grunt_vaults_trifunnel,
          grunt_vaults_diagonal, ontoclasm_vaults_ligature,
          nicolae_vaults_little_squares_2, v_misc_24, vaults_room_pool,
          layout_vaults_omnicross
Vaults:3: vaults_room_stairs_pillars, minmay_crypt_entry_nasty_monster,
          nicolae_vaults_network_star, vaults_standard_mumra_enter_the_diamond,
          hangedman_vaults_hat, v_misc_18, ontoclasm_vaults_pinch,
          nicolae_vaults_big_angled_halls, hangedman_vaults_restitches,
          vaults_dpeg_hooks, layout_vaults_ring, serial_shops, shop
Vaults:4: hangedman_vaults_river_flow, nicolae_vaults_mini_display_case,
          vaults_mumra_minichess_inversion, v_misc_24, serial_ice_g,
          grunt_vaults_hallway_short, sword_in_stone,
          nicolae_vaults_ring_of_whatevers, hangedman_vaults_capsules,
          ontoclasm_vaults_eye, layout_vaults_omnigrid, serial_shops, shop,
          uniq_jory
Vaults:5
Crypt:1:  layout_basic, grunt_crypt_arrival_webbed
Crypt:2:  layout_basic, minivault_26
Crypt:3:  lightli_unholy_cathedral, layout_chaotic_city,
          serial_sigils_hangedman_gut, chequers_big_river, grunt_megastairs_2
Depths:1: minmay_mutant_horseshoe, layout_gridlike, rand_demon_pan_entry_7,
          bloody_trog, abyss_entry_flame_altar, pf_hell_entry_tar_river,
          nzn_wu_jian_contemplation
Depths:2: minmay_the_grid_square_5x5_5x5_mashed
          [minmay_the_grid_square_5x5_checkered_sparse,
          minmay_the_grid_square_5x5_mess, minmay_the_grid_square_5x5_corner,
          minmay_the_grid_square_5x5_fancy_junction,
          minmay_the_grid_square_5x5_three_walls,
          minmay_the_grid_square_5x5_eight,
          minmay_the_grid_square_5x5_prize_monsterx,
          minmay_the_grid_square_5x5_checkered,
          minmay_the_grid_square_5x5_prize_deathbox,
          minmay_the_grid_square_5x5_inset, minmay_the_grid_square_5x5_v,
          minmay_the_grid_square_5x5_six_small,
          minmay_the_grid_square_5x5_prize_open,
          minmay_the_grid_square_5x5_almost_minimal,
          minmay_the_grid_square_5x5_shrine1, minmay_the_grid_square_5x5_n,
          minmay_the_grid_square_5x5_prize_gold,
          minmay_the_grid_square_5x5_three_small,
          minmay_the_grid_square_5x5_prize_pseudospiral,
          minmay_the_grid_square_5x5_bracketed,
          minmay_the_grid_square_5x5_one_wall,
          minmay_the_grid_square_5x5_shuriken,
          minmay_the_grid_square_5x5_inverted_slash,
          minmay_the_grid_square_5x5_sharp_hourglass,
          minmay_the_grid_square_5x5_comb], layout_cave_pools,
          nicolae_qazlal_style_of_elements, rand_demon_pan_entry_9, hell_entry
Depths:3: minmay_bloctagon_deflated, layout_cave_pools,
          nicolae_gozag_seed_capital, hellmouth_1, abyss_entry,
          nrook_kobold_shadow_demons, minmay_shoptagon,
          minmay_staircase_statues_hall_small, serial_bayou_shore_b
Depths:4: grunt_x_marks_the_spot, layout_gridville, enter_ziggurat_a,
          serial_shops, nicolae_shop_stone, hell_entry, fedhas_altar_3,
          library_closet
Zot:1:    layout_gridville, uniq_tiamat
Zot:2:    layout_concentric_octagons, grunt_ministairs_9
Zot:3:    layout_misc_corridors, lemuel_elevator
Zot:4:    layout_misc_corridors, uniq_vv
Zot:5:    layout_misc_corridors, st_stairs_12

Skill      XL: |  1  2  3  4  5  6  7  8  9 10 11 12 13 14 15 16 17 18 19 20 21 22 23 24 25 26 27 |
---------------+----------------------------------------------------------------------------------+-----
Stealth        | 2 3 4 5 6 7 9 11 12 13 14 15 26 | 26.0
Fighting       | 2 3 4 5 7 9 12 14 15 16 17 18 20 21 23 24 26 27 | 27.0
Short Blades   | 1 2 3 4 5 6 9 10 | 10.0
Throwing       | 1 3 4 5 7 |  7.0
Dodging        | 2 3 4 5 7 9 10 11 15 18 19 | 19.0
Armour         | 2 3 4 5 7 9 10 11 12 13 14 16 17 | 17.0
Evocations     | 4 6 7 9 11 13 | 13.0
Long Blades    | 4 8 11 12 13 | 13.7
Shields        | 2 5 10 11 12 13 15 17 19 22 | 22.7

Action                   |  1- 3 |  4- 6 |  7- 9 | 10-12 | 13-15 | 16-18 | 19-21 | 22-24 | 25-27 || total
-------------------------+-------+-------+-------+-------+-------+-------+-------+-------+-------++-------
Melee: Club              |    61 |       |       |       |       |       |       |       |       ||    61
       Dagger            |    56 |   177 |       |       |       |       |       |       |       ||   233
       Punch             |     1 |     5 |     3 |     7 |    11 |       |       |       |       ||    27
       Short sword       |       |    96 |   255 |   614 |   568 |    75 |    97 |       |       ||  1705
       Headbutt          |       |       |       |    99 |   319 |   263 |   399 |   656 |   777 ||  2513
       Constrict         |       |       |       |       |   216 |   229 |   221 |   348 |   337 ||  1351
       Scimitar          |       |       |       |       |   455 |   862 |  1087 |  1703 |   219 ||  4326
       Demon blade       |       |       |       |       |       |       |       |       |  2061 ||  2061
       Unarmed           |       |       |       |       |       |       |       |       |     2 ||     2
Throw: Stone             |       |     5 |       |       |       |       |       |       |       ||     5
       Boomerang         |       |    31 |    53 |    27 |       |    77 |    25 |    36 |    78 ||   327
       Dart              |       |     2 |     1 |     9 |     2 |     5 |     3 |       |       ||    22
Invok: Lunge             |       |       |       |    21 |    96 |   109 |    96 |    99 |   108 ||   529
       Whirlwind         |       |       |       |     9 |    50 |    28 |    76 |    57 |   118 ||   338
       Serpent's Lash    |       |       |       |       |     8 |    11 |    20 |    12 |    29 ||    80
 Abil: Spit Poison       |    31 |    41 |    11 |    38 |    30 |    11 |     1 |       |       ||   163
       Wall Jump         |       |       |       |       |       |       |       |       |     1 ||     1
Evoke: Wand              |       |    14 |    13 |    18 |    10 |     7 |     2 |     2 |     3 ||    69
       Phantom mirror    |       |       |       |       |     3 |     4 |     3 |     1 |     3 ||    14
       Lightning rod     |       |       |       |       |     2 |     2 |     2 |    10 |     4 ||    20
       Condenser vane    |       |       |       |       |       |       |     2 |     1 |     5 ||     8
       Box of beasts     |       |       |       |       |       |       |     1 |     1 |       ||     2
  Use: Scroll            |     5 |    11 |    10 |     7 |    10 |     6 |    15 |     4 |    24 ||    92
       Potion            |       |     8 |       |     1 |     8 |     3 |     4 |     5 |    32 ||    61
 Stab: Sleeping          |     1 |     1 |     7 |    15 |    33 |    34 |    10 |    29 |    14 ||   144
       Paralysed         |       |     1 |       |     1 |       |       |       |       |       ||     2
       Distracted        |       |       |       |       |    11 |     9 |    10 |     4 |    16 ||    50
       Petrified         |       |       |       |       |       |       |       |       |     2 ||     2
Armor: Leather armour    |    43 |    66 |    77 |   102 |       |       |    54 |   724 |  1114 ||  2180
       Scale mail        |       |       |       |    71 |   378 |    29 |       |       |       ||   478
       Ring mail         |       |       |       |       |       |   453 |   369 |       |       ||   822
       Fire dragon scale |       |       |       |       |       |       |   167 |       |       ||   167
Dodge: Dodged            |    69 |   105 |    89 |   209 |   575 |   393 |   481 |  1259 |  1463 ||  4643
Block: Buckler           |       |       |       |       |   158 |   367 |    36 |       |       ||   561
       Reflection        |       |       |       |       |     7 |    37 |    66 |    56 |    46 ||   212
       Kite shield       |       |       |       |       |       |       |   890 |  1777 |   242 ||  2909
       Tower shield      |       |       |       |       |       |       |       |       |  2399 ||  2399

Table legend: (Time is in decaauts)
 A = Elapsed time spent in this place.
 B = Non-inter-level travel time spent in this place.
 C = Inter-level travel time spent in this place.
 D = Time resting spent in this place.
 E = Time spent auto-exploring this place.
 F = Levels seen in this place.
 G = Mean time per level.
                   A        B        C        D        E       F      G
               +--------+--------+--------+--------+--------+-----+--------+
         Total | 106202 |  88753 |  17449 |  16547 |  45462 |  58 | 1831.1 |
       Dungeon |  26225 |  18033 |   8192 |   1363 |  13016 |  15 | 1748.3 |
        Temple |    230 |    182 |     48 |      0 |    174 |   1 |  230.0 |
          Lair |   8984 |   7611 |   1373 |    585 |   5020 |   5 | 1796.8 |
         Swamp |   6420 |   5618 |    802 |    661 |   2730 |   4 | 1605.0 |
     Snake Pit |  11138 |   9736 |   1402 |   2664 |   4178 |   4 | 2784.5 |
  Orcish Mines |   2563 |   2024 |    539 |    126 |   1221 |   2 | 1281.5 |
   Elven Halls |   6510 |   5466 |   1044 |    764 |   2668 |   3 | 2170.0 |
        Vaults |  11563 |  10748 |    815 |   1820 |   5654 |   5 | 2312.6 |
         Crypt |   5685 |   5412 |    273 |   1156 |   2703 |   3 | 1895.0 |
        Depths |   9298 |   7624 |   1674 |   1630 |   3528 |   4 | 2324.5 |
           Zot |  12200 |  10919 |   1281 |   3508 |   3342 |   5 | 2440.0 |
         Abyss |   1500 |   1500 |      0 |    842 |      0 |   3 |  500.0 |
         Sewer |   2106 |   2106 |      0 |    783 |    617 |   1 | 2106.0 |
       Ossuary |    616 |    616 |      0 |    241 |    190 |   1 |  616.0 |
      Ice Cave |    140 |    140 |      0 |     35 |     25 |   1 |  140.0 |
      Gauntlet |   1017 |   1017 |      0 |    365 |    392 |   1 | 1017.0 |
               +--------+--------+--------+--------+--------+-----+--------+

Top non-repeatable levels by time:
   Zot:5: 4568 daAuts
Depths:1: 3699 daAuts
 Snake:2: 3419 daAuts
 Snake:1: 2778 daAuts
 Snake:3: 2740 daAuts
Vaults:1: 2713 daAuts
   Elf:3: 2613 daAuts
Vaults:5: 2602 daAuts
    D:13: 2501 daAuts
 Swamp:3: 2412 daAuts
    D:15: 2411 daAuts
Vaults:4: 2336 daAuts
    D:10: 2312 daAuts
    D:11: 2281 daAuts
   Zot:1: 2244 daAuts
